 Dungeon Crawl Stone Soup version 0.28-a0-1389-gc726bef33b (webtiles) character file.

Game seed: 9951551502241452901

28 shoop the Chucker (level 3, -4/37 HPs)
             Began as an Ogre Hunter on Jan 3, 2022.
             Slain by Pargi (6 damage)
             ... on level 3 of the Dungeon.
             The game lasted 00:01:58 (1641 turns).

shoop the Chucker (Ogre Hunter)                     Turns: 1641, Time: 00:01:59

Health: -4/37      AC:  3    Str: 18    XL:     3   Next: 12%
Magic:  3/3        EV: 10    Int: 12    God:
Gold:   53         SH:  0    Dex:  9    Spells: 2/2 levels left

rFire   . . .      SeeInvis .   a - +0 short sword
rCold   . . .      Faith    .   (no shield)
rNeg    . . .      Spirit   .   b - +0 robe
rPois   .          Reflect  .   (helmet restricted)
rElec   .          Harm     .   (no cloak)
rCorr   .          Rampage  .   (gloves unavailable)
Will    +....                   (boots unavailable)
Stlth   +.........              (no amulet)
HPRegen 0.12/turn               g - ring of willpower
MPRegen 0.08/turn               (no ring)

@: no status effects
A: large, unfitting armour, tough skin 1
a: no special abilities


You were on level 3 of the Dungeon.
You visited 1 branch of the dungeon, and saw 3 of its levels.

You collected 53 gold pieces.

Inventory:

Hand Weapons
 a - a +0 short sword (weapon)
Armour
 b - a +0 robe (worn)
Jewellery
 g - a ring of willpower (left hand)
Scrolls
 e - a scroll of enchant armour {unknown}
 f - a scroll of immolation {unknown}
 h - a scroll of blinking {unknown}


   Skills:
 + Level 3.5 Fighting
 + Level 4.3 Throwing
 - Level 2.0 Dodging
 - Level 1.0 Stealth


You had 2 spell levels left.
You didn't know any spells.
Your spell library contained the following spells:

 Spells                   Type           Power      Damage    Failure   Level
 Magic Dart               Conj           0%         1d3       32%         1
 Searing Ray              Conj           0%         2d4       45%         2
 Fulminant Prism          Conj/Hex       0%         3d6       97%         4


Dungeon Overview and Level Annotations

Branches:
Dungeon (3/15)

Altars:

Annotations:
D:2 exclusion: 2 adders
D:3 Pargi


Innate Abilities, Weirdness & Mutations

You are too large for most types of armour.
You have tough skin. (AC +1)


Message History

Press: ? - help, Q - select action Shift-Dir - straight line, f/p - Pargi
Aim: Pargi (50% to hit)
You throw a large rock. The large rock barely misses Pargi.
Pargi bites you. Pargi barely misses you. Pargi claws you but does no damage.
Unknown command.
Throw: 4 large rocks
Press: ? - help, Q - select action Shift-Dir - straight line, f/p - Pargi
Aim: Pargi (50% to hit)
You throw a large rock. The large rock hits Pargi.
Pargi is lightly wounded.
Pargi bites you. Pargi claws you but does no damage. Pargi closely misses you.
Pargi bites you! Pargi misses you. Pargi claws you but does no damage.
Throw: 3 large rocks
Press: ? - help, Q - select action Shift-Dir - straight line, f/p - Pargi
Aim: Pargi (lightly wounded, 50% to hit)
You throw a large rock. The large rock hits Pargi.
Pargi is lightly wounded.
Pargi bites you. Pargi barely misses you. Pargi claws you but does no damage.
Pargi barely misses you. Pargi closely misses you. Pargi claws you.
Throw: 2 large rocks
Press: ? - help, Q - select action Shift-Dir - straight line, f/p - Pargi
Aim: Pargi (lightly wounded, 50% to hit)
You throw a large rock. The large rock closely misses Pargi.
Pargi bites you! Pargi barely misses you. x2
Pargi snarls, "Go!
Away!"
Pargi bites you but does no damage. Pargi claws you.
* * * LOW HITPOINT WARNING * * *
Pargi claws you but does no damage.
Throw: large rock
Press: ? - help, Q - select action Shift-Dir - straight line, f/p - Pargi
Aim: Pargi (lightly wounded, 50% to hit)
You throw a large rock. The large rock barely misses Pargi.
Pargi bites you.
* * * LOW HITPOINT WARNING * * *
Pargi claws you.
* * * LOW HITPOINT WARNING * * *
Pargi claws you.
* * * LOW HITPOINT WARNING * * *
It was a potion of cancellation.
You feel magically purged. Pargi bites you.
You die...

######### #.......#
#.#####.#
#.#####.######### #
#.......@T..P..≈P
#.#######.###.P....
#.###>.........PP.P
...#.#.#.###.PgT.⌠
#.#.#.#.# .P⌠⌠
#.<...#.## ≈.
#........# .
#...........#
#.##............


You could see Pargi.

Vanquished Creatures
  A dart slug (D:2)
  5 endoplasms
  A giant cockroach (D:1)
  4 goblins
  2 hobgoblins
  A kobold (D:1)
  A quokka (D:2)
  A ball python (D:1)
  4 bats
  A rat (D:1)
21 creatures vanquished.

Notes
Turn   | Place    | Note
-------+----------+-------------------------------------------
     0 | D:1      | shoop the Ogre Hunter began the quest for the Orb.
     0 | D:1      | Reached XP level 1. HP: 22/22 MP: 1/1
   191 | D:1      | Reached skill level 1 in Stealth
   191 | D:1      | Reached XP level 2. HP: 16/31 MP: 2/2
  1542 | D:2      | Reached XP level 3. HP: 32/37 MP: 3/3
  1625 | D:3      | Noticed Pargi
  1641 | D:3      | Slain by Pargi

Illustrated notes

Levels and vault maps discovered:
D:1:      mrwooster_arrival_arrow, layout_loops_ring
D:2:      layout_basic, basic_altar
D:3:      layout_basic, shapermc_ecumenical_altar_mp_ritualfount,
          kennysheep_small_spiral, uniq_ijyb, uniq_pargi

Skill      XL: |  1 |
---------------+----+-----
Fighting       | 3 |  3.5
Dodging        | 2 |  2.0
Stealth        | 1 |  1.0
Throwing       | |  4.3

Action                   || total
-------------------------++-------
Melee: Short sword       ||    83
Throw: Large rock        ||     5
       Throwing net      ||     2
  Use: Potion            ||     1
 Stab: Sleeping          ||     1
Armor: Robe              ||    36
Dodge: Dodged            ||    50

Table legend: (Time is in decaauts)
 A = Elapsed time spent in this place.
 B = Non-inter-level travel time spent in this place.
 C = Inter-level travel time spent in this place.
 D = Time resting spent in this place.
 E = Time spent auto-exploring this place.
 F = Levels seen in this place.
 G = Mean time per level.
                   A        B        C        D        E       F      G
               +--------+--------+--------+--------+--------+-----+--------+
         Total |   1652 |   1600 |     52 |      0 |   1383 |   3 |  550.7 |
       Dungeon |   1652 |   1600 |     52 |      0 |   1383 |   3 |  550.7 |
               +--------+--------+--------+--------+--------+-----+--------+

Top non-repeatable levels by time:
     D:1: 1019 daAuts
     D:2: 591 daAuts
     D:3: 41 daAuts
